 Dungeon Crawl Stone Soup version 0.23-a0-891-g41af670 (webtiles) character file.

Game seed: 11375

1772 Geeful the Thaumaturge (level 8, 0/42 HPs)
             Began as a Deep Elf Earth Elementalist on Jan 28, 2019.
             Was a Believer of Nemelex Xobeh.
             Slain by an ice beast (13 damage)
             ... on level 6 of the Dungeon on Feb 4, 2019.
             The game lasted 00:30:35 (7002 turns).

Geeful the Thaumaturge (DEEE)                       Turns: 7002, Time: 00:30:35

Health: 0/42       AC:  3    Str:  3    XL:     8   Next: 80%
Magic:  22/22      EV: 15    Int: 23    God:    Nemelex Xobeh [**....]
Gold:   306        SH:  0    Dex: 15    Spells: 6/23 levels left

rFire    . . .     SeeInvis .   p - +2 dagger (drain)
rCold    . . .     Gourm    .   (no shield)
rNeg     . . .     Faith    .   c - +1 robe
rPois    .         Spirit   .   (no helmet)
rElec    .         Reflect  .   (no cloak)
rCorr    .         Harm     .   (no gloves)
MR       .....                  (no boots)
Stlth    +++.......             k - amulet of regeneration
HPRegen  0.54/turn              (no ring)
MPRegen  0.18/turn              (no ring)

@: no status effects
A: mutation resistance 1, weak 1
a: Draw Escape, Draw Destruction, Draw Summoning, Renounce Religion


You were on level 6 of the Dungeon.
You worshipped Nemelex Xobeh.
Nemelex Xobeh was pleased with you.
You were not hungry.

You visited 2 branches of the dungeon, and saw 8 of its levels.

You collected 306 gold pieces.

Inventory:

Hand Weapons
 a - a +1 dagger
 i - a +0 short sword
 p - a +2 dagger of draining (weapon)
Missiles
 b - 94 stones (quivered)
 s - 4 curare-tipped needles
Armour
 c - a +1 robe (worn)
 x - a +0 buckler
Jewellery
 k - an amulet of regeneration (around neck)
Wands
 n - a wand of acid (12)
 v - a wand of iceblast (5)
Scrolls
 d - a scroll of immolation
 e - a scroll of identify
 m - 3 scrolls of teleportation
Potions
 h - 2 potions of magic
 l - 2 potions of agility {unknown}
 o - a potion of haste {unknown}
 q - 2 potions of curing {unknown}
 t - a potion of resistance
Comestibles
 f - 9 rations
 g - 2 chunks of flesh


   Skills:
 - Level 0.3 Fighting
 - Level 1.4 Short Blades
 - Level 5.6 Dodging
 - Level 4.1 Stealth
 + Level 2.9 Shields
 - Level 8.1 Spellcasting
 - Level 1.7 Conjurations
 - Level 1.1 Transmutations
 - Level 7.1 Earth Magic
 - Level 3.8 Invocations


You had 6 spell levels left.
You knew the following spells:

 Your Spells              Type           Power        Failure   Level  Hunger
a - Sandblast             Erth           #####.       1%          1    None
b - Stone Arrow           Conj/Erth      ####..       3%          3    None
c - Passwall              Tmut/Erth      ####....     1%          2    None
d - Petrify               Tmut/Erth      ####....     13%         4    ###....
e - Lee's Rapid Deconstr  Erth           #####.....   10%         5    #####..
f - Apportation           Tloc           #.....       7%          1    None
g - Confusing Touch       Hex            #.....       7%          1    None

Your spell library contained the following spells:

 Spells                   Type           Power        Failure   Level  Hunger
 Animate Skeleton         Necr           N/A          7%          1    None
 Summon Small Mammal      Summ           #...         7%          1    None


Dungeon Overview and Level Annotations

Branches:
Dungeon (7/15)             Temple (1/1) D:4

Altars:
Ashenzari
Dithmenos
Fedhas
Gozag
Nemelex Xobeh
Okawaru
Ru
Sif Muna
Trog
Wu Jian
Xom
Yredelemnul
Zin
The Shining One

Annotations:
D:7 2 transporters


Innate Abilities, Weirdness & Mutations

You are somewhat resistant to further mutation.
You are weak. (Str -2)


Message History

As you read the scroll labeled LEXZEOFUDU, it crumbles to dust.
You assume a fearsome visage.
Your wight is unaffected. x5
It was a scroll of fear.
There is a stone staircase leading down here.
You climb downwards.
Your summoned allies are left behind.
Level annotation: 2 transporters The ice beast hits you.
The ice beast freezes you.
There is a stone staircase leading up here.
The ice beast hits you. The ice beast freezes you!
You climb upwards.
Your wight dissolves into shadows! x5; Your ogre dissolves into shadows!
Your jelly dissolves into shadows!
Your orc dissolves into shadows!
There is a stone staircase leading down here.
The ice beast hits you. The ice beast freezes you!
* * * LOW HITPOINT WARNING * * *
There is a stone staircase leading up here.
The ice beast hits you. The ice beast freezes you!
You die...
Your body glows slightly and disappears.

##......#####..............##.
##.#####.....###..##..#######
##.#####.#######.###..####8#8
#####†.......#
#.......####..#.#.
..).....###### #.......#
#...... ........# #.......#
#_..... .......^# #.......#
##.#.#. ........# #Y......#
#_###_ ........# #@......# ###
## ######### #.......#
#.......# #########


You could see an ice beast.

Vanquished Creatures
  Sigmund (D:4)
  A sky beast (D:6)
  An ice beast (D:5)
  A black bear (D:6)
  An orc warrior (D:7)
  2 ogres
  A centaur (D:7)
  A bullfrog (D:7)
  A water moccasin zombie (D:6)
  6 scorpions
  A bullfrog zombie (D:5)
  2 bullfrog skeletons
  An orc priest (D:4)
  A centaur skeleton (D:5)
  4 orc wizards
  Terence (D:3)
  5 worker ants
  4 adders
  3 shadow imps
  7 worms
  A dart slug (D:1)
  6 leopard geckos
  16 orcs
  3 giant cockroaches
  3 goblins
  5 hobgoblins
  2 jackals (D:2)
  4 quokkas
  2 ball pythons
  5 bats
  3 frilled lizards
  10 kobolds
  A quokka skeleton (D:6)
  A quokka zombie (D:5)
  5 rats
112 creatures vanquished.

Notes
Turn   | Place    | Note
-------+----------+-------------------------------------------
     0 | D:1      | WeeklyChallenge the Deep Elf Earth Elementalist began the
                  | quest for the Orb.
     0 | D:1      | Reached XP level 1. HP: 10/10 MP: 6/6
   213 | D:1      | Gained mutation: Your body sometimes deteriorates upon
                  | taking damage. [potion of mutation]
   213 | D:1      | Gained mutation: You have sharp toenails. [potion of
                  | mutation]
   213 | D:1      | Gained mutation: You are somewhat resistant to further
                  | mutation. [potion of mutation]
   214 | D:1      | Lost mutation: Your body sometimes deteriorates upon taking
                  | damage. [potion of mutation]
   214 | D:1      | Lost mutation: You have sharp toenails. [potion of
                  | mutation]
   214 | D:1      | Gained mutation: You are weak. (Str -2) [potion of
                  | mutation]
   382 | D:1      | Reached XP level 2. HP: 12/15 MP: 8/8
  1319 | D:2      | Reached XP level 3. HP: 15/19 MP: 7/10
  1662 | D:2      | Learned a level 3 spell: Stone Arrow
  2910 | D:3      | Found a shattered altar of Ashenzari.
  2946 | D:3      | Noticed a phantom
  2948 | D:3      | Reached XP level 4. HP: 24/24 MP: 11/11
  3098 | D:3      | Reached skill level 1 in Short Blades
  3132 | D:3      | Found a faded altar of an unknown god.
  3186 | D:3      | Reached skill level 4 in Spellcasting
  3275 | D:3      | Noticed Terence
  3288 | D:3      | Killed Terence
  3498 | D:3      | Found a glowing golden altar of the Shining One.
  3594 | D:3      | Learned a level 2 spell: Passwall
  3802 | D:4      | Noticed an ogre
  3808 | D:3      | Reached XP level 5. HP: 9/28 MP: 9/13
  4129 | D:4      | Reached skill level 5 in Earth Magic
  4210 | D:4      | Reached skill level 5 in Spellcasting
  4217 | D:4      | Reached XP level 6. HP: 32/32 MP: 5/16
  4302 | D:4      | Reached skill level 6 in Spellcasting
  4606 | D:4      | Reached skill level 1 in Conjurations
  4606 | D:4      | Reached XP level 7. HP: 37/37 MP: 12/18
  4720 | D:4      | Found a staircase to the Ecumenical Temple.
  4729 | Temple   | Entered the Ecumenical Temple
  4796 | Temple   | Became a worshipper of Nemelex Xobeh the Trickster
  4917 | D:4      | Received a gift from Nemelex Xobeh
  4917 | D:4      | Noticed Sigmund
  4938 | D:4      | Killed Sigmund
  4938 | D:4      | Reached skill level 1 in Invocations
  5231 | D:5      | Entered Level 5 of the Dungeon
  5285 | D:5      | Learned a level 4 spell: Petrify
  5291 | D:5      | Learned a level 5 spell: Lee's Rapid Deconstruction
  5502 | D:5      | Reached skill level 7 in Spellcasting
  5612 | D:5      | Found a basalt altar of Yredelemnul.
  5908 | D:5      | Received a gift from Nemelex Xobeh
  6027 | D:6      | Reached * piety under Nemelex Xobeh
  6074 | D:6      | Found a blossoming altar of Fedhas.
  6098 | D:6      | Reached XP level 8. HP: 42/42 MP: 16/20
  6351 | D:6      | Reached skill level 5 in Dodging
  6613 | D:6      | Found a sacrificial altar of Ru.
  6614 | D:6      | Found a glowing silver altar of Zin.
  6616 | D:6      | Found a deep blue altar of Sif Muna.
  6620 | D:6      | Found an ornate altar of the Wu Jian Council.
  6620 | D:6      | Found an opulent altar of Gozag.
  6624 | D:6      | Found a blossoming altar of Fedhas.
  6688 | D:7      | Reached skill level 8 in Spellcasting
  6707 | D:7      | Found a transporter.
  6729 | D:7      | Learned a level 1 spell: Apportation
  6731 | D:7      | Learned a level 1 spell: Confusing Touch
  6777 | D:7      | Found a transporter.
  6783 | D:7      | Received a gift from Nemelex Xobeh
  6796 | D:7      | Reached ** piety under Nemelex Xobeh
  6866 | D:7      | Reached skill level 1 in Shields
  7002 | D:6      | Slain by an ice beast

Vault maps used:
D:1:      erik_arrival_blinker_ship, wad_woods_river_04
D:3:      nicolae_overflow_hidden_temple, chequers_ecumenical_altar_twisty,
          nrook_mini_vaults, uniq_terence
D:4:      minmay_temple_entry_hall, first_ration, uniq_sigmund
D:5:      basic_altar
D:6:      minitemple, fedhas_altar_1
D:7:      gammafunk_cloud_chamber
D:8:      serial_shops, nicolae_shop_trees
D:9:      lemuel_coloured_pillars_altar, hiddenorc2_lemuel
D:10:     serial_shops, kennysheep_little_box
D:11:     david_lair_shrubbed, the_bakery
D:12:     special_room, enter_bailey_3, chequers_decorated_corner
D:13:     gauntlet_entry_generic, uniq_snorg, uniq_josephine, uniq_erolcha
D:14:     minmay_general_purpose_star, lightli_vaults_fourway_checkpoint,
          corexii_corridor_pit, uniq_rupert
D:15:     hangedman_depths_entry_try_elsewhere_first, minmay_fire_ice_demons
Temple:   dpeg_chambers_temple
Lair:1:   infiniplex_staircase_pool, grunt_megastairs_3
Lair:2:   nicolae_volcano_entry_s_turn, wad_woods_antlair,
          infiniplex_staircase_pool_2
Lair:3:   grunt_megastairs_5, minmay_lair_oklob_chamber
Lair:4:   elwin_shoals_entry_rocks, nicolae_spider_entry_orb_guardian,
          minivault_26
Lair:5:   lemuel_fruit_tree
Lair:6:   evilmike_catoblepas_cave, dpeg_slime_entry_enclosed_altar
Shoals:3: nicolae_shoals_square_sea_wall, uniq_louise
Shoals:4: shoals_end_simple, shoals_ilsuiw_ice, uniq_kirke
Spider:1: drop_trap, nicolae_spider_circle_web
Spider:3: ebering_ghost_rock_garden
Spider:4: spider_rune_water, uniq_arachne
Slime:3:  cheibrodos_slime_lost_civilization_5
Slime:4:  cheibrodos_slime_lost_civilization_10
Orc:2:    st_orc_rangers
Elf:1:    evilmike_minifort, small_chamber_with_monster, nrook_loot_triangle,
          uniq_roxanne
Elf:2:    lemuel_elevator
Elf:3:    elf_hall_gauntlet_wide, serial_shops, nicolae_shop_waterfront,
          nicolae_elf_big_sculpture_1
Vaults:1: nicolae_vaults_disjoint_gnomons, v_misc_26, v_misc_24, v_misc_23,
          nicolae_vaults_angled_halls, nicolae_vaults_angled_halls, v_misc_23,
          dpeg_vaults_monster_box
Vaults:2: v_misc_8, vaults_dpeg_spiral, st_smaller_cells, v_alt_pattern_2,
          vaults_dpeg_cross, v_pattern_4, v_alt_pattern_3,
          ontoclasm_vaults_spin, vaults_dpeg_encased_lava, serial_shops, shop,
          uniq_frederick
Vaults:3: v_misc_18, ontoclasm_vaults_eye, v_misc_12, vaults_mumra_minichess,
          hangedman_vaults_restitches, minmay_crypt_entry_simple_walls,
          v_rooms_4, vaults_mumra_chevron_long, vaults_room_stairs_pillars,
          vaults_room_semicircle, nicolae_vaults_circle_grid_b,
          nicolae_vaults_little_squares_6, uniq_sojobo, uniq_mara, uniq_nikola
Vaults:4: v_misc_18, v_misc_9, vaults_room_pool, nicolae_vaults_triangles,
          vaults_room_semicircle, nicolae_vaults_rhombus_6, serial_ice_g,
          v_misc_30, nicolae_vaults_little_squares_6, vaults_dpeg_diagonal,
          v_misc_13, nicolae_vaults_border_crossing, v_alt_pattern_6,
          nicolae_vaults_theta, vaults_room_door_ring, vaults_dpeg_hooks
Vaults:5: serial_shops
Crypt:1:  basic_altar, serial_sigils_hangedman_shear, uniq_mennas,
          uniq_saint_roka
Crypt:2:  cheibrodos_crypt_eye_of_stone, fountainhead
Crypt:3:  church_of_pain_bobbens, nicolae_crypt_ancient_font
Depths:1: hell_entry, serial_sigils_hangedman_scar, kennysheep_nondescript,
          nrook_mini_backslash, hangedman_decor_clover_reticule,
          minmay_shattered_shrine
Depths:2: evilmike_marble_ring, hell_entry, serial_glass, glass_columns_c,
          glass_columns_c, glass_columns_b, glass_columns_c, glass_columns_b,
          glass_columns_a, hangedman_decor_opposing,
          kennysheep_underground_church
Depths:3: hangedman_pleasuredromes, pan_entry, hell_entry
Depths:4: hangedman_screamer, serial_rivers, chequers_serial_rivers_small_a,
          chequers_serial_rivers_small_3, chequers_serial_rivers_small_a,
          chequers_serial_rivers_large_a, marbit_kobold_abyss_entry,
          lightli_too_deep, minmay_hedge_maze, evilmike_spriggan_trog_shrine
Depths:5: lemuel_castle_with_subvaults, pf_dread_powers_of_hell,
          minmay_misc_feat_alley
Dis:7:    dis_st
Geh:5:    nicolae_geh_lava_in_the_way, lemuel_elevator
Geh:6:    nicolae_geh_sunburst
Geh:7:    evilmike_geh
Coc:2:    serial_ice, serial_ice_h, serial_ice_o, serial_ice_g, serial_ice_e,
          serial_ice_n
Coc:6:    serial_ice, serial_ice_g, serial_ice_d, serial_ice_b, serial_ice_h
Coc:7:    coc_hangedman
Tar:1:    lemuel_nasty_fountain
Tar:5:    lemuel_elevator, grunt_megastairs_2
Tar:6:    nicolae_tar_cuneiform_heaven
Tar:7:    tar_minmay_river
Zot:1:    ebering_ghost_disaster_area
Zot:3:    st_small_dragon_hoard_1, st_large_dragon_hoard_1
Zot:4:    nicolae_moth_party, hangedman_zot_decor_scrapings, nzn_random_ring,
          lemuel_elevator, grunt_megastairs_1

Skill      XL: |  1  2  3  4  5  6  7  8 |
---------------+-------------------------+-----
Earth Magic    | 4 5 6 7 |  7.1
Stealth        | 3 4 |  4.1
Short Blades   | 1 |  1.4
Spellcasting   | 4 5 6 7 8 |  8.1
Dodging        | 3 4 5 |  5.6
Conjurations   | 1 |  1.7
Invocations    | 2 3 |  3.8
Shields        | 2 |  2.9
Fighting       | |  0.3
Transmutations | |  1.1

Action                   |  1- 3 |  4- 6 |  7- 9 || total
-------------------------+-------+-------+-------++-------
Melee: Dagger            |   109 |    26 |    73 ||   208
       Short sword       |       |    16 |       ||    16
 Cast: Sandblast         |    24 |    40 |    43 ||   107
       Stone Arrow       |     3 |    10 |    15 ||    28
       Petrify           |       |       |     4 ||     4
 Abil: Draw Destruction  |       |       |     7 ||     7
  Use: Potion            |     2 |     1 |       ||     3
       Scroll            |     4 |     6 |     6 ||    16
 Stab: Sleeping          |     6 |     6 |     2 ||    14
       Distracted        |     1 |       |     2 ||     3
       Petrified         |       |       |    13 ||    13
  Eat: Ration            |     1 |       |       ||     1
       Chunk             |     3 |     6 |     7 ||    16
Armor: Robe              |    24 |     3 |    11 ||    38
Dodge: Dodged            |    83 |    28 |    63 ||   174

Table legend:
 A = Non-vault XP
 B = Vault XP
 C = Vault XP percentage of total XP
 D = Non-vault monster count
 E = Vault monster count
 F = Vault count percentage of total count
                 A         B        C        D         E       F
            +---------+---------+-------+---------+---------+-------
      Total |    2267 |     265 |  10.5 |     110 |       2 |   1.8
            +---------+---------+-------+---------+---------+-------
        D:1 |      22 |       0 |   0.0 |      14 |       0 |   0.0
        D:2 |      70 |       0 |   0.0 |      19 |       0 |   0.0
        D:3 |      70 |      38 |  35.2 |      14 |       1 |   6.7
        D:4 |     551 |     227 |  29.2 |      20 |       1 |   4.8
        D:5 |     358 |       0 |   0.0 |      17 |       0 |   0.0
        D:6 |     684 |       0 |   0.0 |      17 |       0 |   0.0
        D:7 |     512 |       0 |   0.0 |       9 |       0 |   0.0
            +---------+---------+-------+---------+---------+-------
